MLB
TORONTO BLUE JAYS @ HOUSTON ASTROS
10/15/2023
 
TOP OF THE 1ST
Toronto Blue Jays batting - Pitching for Houston Astros : RHP Josh James
Pitching: RHP Josh James
Batting: LHB CJ Abrams 0-0: Ball
1-0: Ball
2-0: Swinging Strike
2-1: Ground out 6-3 (Groundball, 6, EV 84.4 MPH)
Batting: RHB Danny Jansen 0-0: Swinging Strike
0-1: Fly out, F9 (Flyball, 9LS, EV 77.5 MPH)
Batting: LHB Trent Grisham 0-0: Ball
1-0: Called Strike
1-1: Foul Ball, location: 2F
1-2: Foul Ball, location: 2F
1-2: Ball
2-2: Foul Ball, location: 2F
2-2: Ball
3-2: Foul Ball, location: 2F
3-2: SINGLE (Line Drive, 7LM, EV 100.0 MPH)
Batting: LHB Rowdy Tellez 0-0: Ball
1-0: Foul Ball, location: 2F
1-1: Ball
2-1: Fly out, F8 (Flyball, 8RD, EV 85.0 MPH)
Top of the 1st over - 0 runs, 1 hit, 0 errors, 1 left on base; Toronto 0 - Houston 0
BOTTOM OF THE 1ST
Houston Astros batting - Pitching for Toronto Blue Jays : RHP Alek Manoah
Pitching: RHP Alek Manoah
Batting: LHB Danny Vecino 0-0: Foul Ball, location: 2F
0-1: Ball
1-1: Ball
2-1: Called Strike
2-2: Strikes out swinging
Batting: SHB Jurickson Profar 0-0: Ball
1-0: Foul Ball, location: 2F
1-1: Ball
2-1: Called Strike
2-2: Ball
3-2: Foul Ball, location: 2F
3-2: Base on Balls
Batting: LHB Kyle Tucker 0-0: Foul Ball, location: 2F
0-1: Fly out, F9 (Line Drive, 9, EV 91.9 MPH)
Batting: RHB Alex Bregman 0-0: Ball
1-0: Called Strike
1-1: Ball
2-1: Foul Ball, location: 2F
2-2: Ball
3-2: Ground out 5-3 (Groundball, 5, EV 87.5 MPH)
Bottom of the 1st over - 0 runs, 0 hits, 0 errors, 1 left on base; Toronto 0 - Houston 0
TOP OF THE 2ND
Toronto Blue Jays batting - Pitching for Houston Astros : RHP Josh James
Batting: LHB Derek Fisher 0-0: Swinging Strike
0-1: Called Strike
0-2: Foul Ball, location: 2F
0-2: Ball
1-2: Ball
2-2: Ball
3-2: Strikes out swinging
Batting: SHB Adalberto Mondesi 0-0: Ball
1-0: Ball
2-0: Fly out, F8 (Line Drive, 8LM, EV 95.6 MPH)
Batting: RHB Bo Bichette 0-0: Foul Ball, location: 2F
0-1: Foul Ball, location: 2F
0-2: Ball
1-2: Ball
2-2: Foul Ball, location: 2F
2-2: Foul Ball, location: 2F
2-2: Strikes out looking
Top of the 2nd over - 0 runs, 0 hits, 0 errors, 0 left on base; Toronto 0 - Houston 0
BOTTOM OF THE 2ND
Houston Astros batting - Pitching for Toronto Blue Jays : RHP Alek Manoah
Batting: LHB Yordan Alvarez 0-0: Called Strike
0-1: Foul Ball, location: 2F
0-2: Ball
1-2: Ball
2-2: Foul Ball, location: 2F
2-2: Strikes out swinging
Batting: RHB Jose Altuve 0-0: Ball
1-0: Foul Ball, location: 2F
1-1: Ball
2-1: Swinging Strike
2-2: Ball
3-2: Strikes out swinging
Batting: RHB Carlos Correa 0-0: Called Strike
0-1: Ball
1-1: Called Strike
1-2: Strikes out swinging
Bottom of the 2nd over - 0 runs, 0 hits, 0 errors, 0 left on base; Toronto 0 - Houston 0
TOP OF THE 3RD
Toronto Blue Jays batting - Pitching for Houston Astros : RHP Josh James
Batting: RHB Josh Donaldson 0-0: Ball
1-0: Ball
2-0: Swinging Strike
2-1: Ball
3-1: Foul Ball, location: 2F
3-2: Foul Ball, location: 2F
3-2: Foul Ball, location: 2F
3-2: Base on Balls
Batting: LHB Adam Haseley 0-0: Called Strike
0-1: Ball
1-1: Foul Ball, location: 2F
1-2: Ball
2-2: Ball
3-2: Base on Balls
Josh Donaldson to second
Batting: LHB CJ Abrams 0-0: Ball
1-0: Called Strike
1-1: Ball
2-1: Foul Ball, location: 2F
2-2: Ball
3-2: Foul Ball, location: 2F
3-2: Foul Ball, location: 2F
3-2: Foul Ball, location: 2F
3-2: Fielders Choice at 2nd, 4-6 (Groundball, 4S, EV 88.1 MPH)
Josh Donaldson to third
Batting: RHB Danny Jansen 0-0: Ball
1-0: Foul Ball, location: 2F
1-1: Hit by Pitch
CJ Abrams to second
Batting: LHB Trent Grisham 0-0: Ball
1-0: Ball
2-0: Swinging Strike
2-1: Ground out 4-3 (Groundball, 4S, EV 64.4 MPH)
Josh Donaldson scores
CJ Abrams to third
Danny Jansen to second
Batting: LHB Rowdy Tellez 0-0: Ball
1-0: Called Strike
1-1: Swinging Strike
1-2: Strikes out looking
Top of the 3rd over - 1 run, 0 hits, 0 errors, 2 left on base; Toronto 1 - Houston 0
BOTTOM OF THE 3RD
Houston Astros batting - Pitching for Toronto Blue Jays : RHP Alek Manoah
Batting: RHB Whit Merrifield 0-0: Called Strike
0-1: Foul Ball, location: 2F
0-2: Fly out, F6 (Popup, 15, EV 88.1 MPH)
Batting: RHB Mike Zunino 0-0: Called Strike
0-1: Foul Ball, location: 2F
0-2: Ball
1-2: Ball
2-2: Ball
3-2: Foul Ball, location: 2F
3-2: SINGLE (Groundball, 6MD, EV 110.0 MPH)
Batting: LHB Danny Vecino 0-0: Fly out, F6 (Popup, 6M, EV 48.8 MPH)
Batting: SHB Jurickson Profar 0-0: Called Strike
0-1: Ball
1-1: Ground out 4-3 (Groundball, 34, EV 108.8 MPH)
Bottom of the 3rd over - 0 runs, 1 hit, 0 errors, 1 left on base; Toronto 1 - Houston 0
TOP OF THE 4TH
Toronto Blue Jays batting - Pitching for Houston Astros : RHP Josh James
Batting: LHB Derek Fisher 0-0: Ball
1-0: Foul Ball, location: 2F
1-1: Called Strike
1-2: Foul Ball, location: 2F
1-2: Foul Ball, location: 2F
1-2: Ball
2-2: Ground out U3 (Groundball, 3, EV 89.4 MPH)
Batting: SHB Adalberto Mondesi 0-0: Called Strike
0-1: Called Strike
0-2: Ball
1-2: Ball
2-2: Ball
3-2: Fly out, F6 (Flyball, 56D, EV 85.0 MPH)
Batting: RHB Bo Bichette 0-0: Foul Ball, location: 2F
0-1: Called Strike
0-2: Ball
1-2: Ball
2-2: Ball
3-2: Base on Balls
Pitching: RHP Mason Fox
Batting: RHB Josh Donaldson 0-0: Called Strike
0-1: Swinging Strike
0-2: Ball
1-2: Fielders Choice at 2nd, 6-4 (Groundball, 6, EV 102.5 MPH)
Top of the 4th over - 0 runs, 0 hits, 0 errors, 1 left on base; Toronto 1 - Houston 0
BOTTOM OF THE 4TH
Houston Astros batting - Pitching for Toronto Blue Jays : RHP Alek Manoah
Batting: LHB Kyle Tucker 0-0: Swinging Strike
0-1: Ball
1-1: SINGLE (Line Drive, 8LS, EV 91.9 MPH)
Batting: RHB Alex Bregman 0-0: Ball
1-0: Swinging Strike
1-1: Ball
2-1: Ball
3-1: Base on Balls
Kyle Tucker to second
Batting: LHB Yordan Alvarez 0-0: Ball
1-0: Ball
2-0: Fly out, F4 (Flyball, 4D, EV 93.8 MPH)
Batting: RHB Jose Altuve 0-0: Swinging Strike
0-1: Called Strike
0-2: Ball
1-2: Strikes out looking
Batting: RHB Carlos Correa 0-0: Ball
1-0: Ball
2-0: Swinging Strike
2-1: Called Strike
2-2: Ball
3-2: Foul Ball, location: 2F
3-2: Foul Ball, location: 2F
3-2: Fly out, F8 (Flyball, 8RXD, EV 109.4 MPH)
Bottom of the 4th over - 0 runs, 1 hit, 0 errors, 2 left on base; Toronto 1 - Houston 0
TOP OF THE 5TH
Toronto Blue Jays batting - Pitching for Houston Astros : RHP Mason Fox
Batting: LHB Adam Haseley 0-0: Called Strike
0-1: Ball
1-1: Called Strike
1-2: Ball
2-2: Ground out 5-3 (Groundball, 56S, EV 85.6 MPH)
Batting: LHB CJ Abrams 0-0: DOUBLE (Line Drive, 5D, EV 98.1 MPH)
Batting: RHB Danny Jansen 0-0: Called Strike
0-1: Swinging Strike
0-2: Fly out, F9 (Line Drive, 9S, EV 102.5 MPH)
Batting: LHB Trent Grisham 0-0: Called Strike
0-1: Swinging Strike
0-2: Ball
1-2: Ball
2-2: Fly out, F7 (Flyball, 78XD, EV 104.4 MPH)
Top of the 5th over - 0 runs, 1 hit, 0 errors, 1 left on base; Toronto 1 - Houston 0
BOTTOM OF THE 5TH
Houston Astros batting - Pitching for Toronto Blue Jays : RHP Alek Manoah
Batting: RHB Whit Merrifield 0-0: Called Strike
0-1: Foul Ball, location: 2F
0-2: Fly out, F3 (Line Drive, 3, EV 68.1 MPH)
Batting: RHB Mike Zunino 0-0: DOUBLE (Flyball, 8RXD, EV 102.5 MPH)
Batting: LHB Danny Vecino 0-0: Called Strike
0-1: Ball
1-1: Foul Ball, location: 2F
1-2: Foul Ball, location: 2F
1-2: Ground out U3 (Groundball, 3, EV 89.4 MPH)
Mike Zunino to third
Batting: SHB Jurickson Profar 0-0: Called Strike
0-1: Ball
1-1: Swinging Strike
1-2: Ball
2-2: 2-RUN HOME RUN (Flyball, 9LD, EV 93.8 MPH), Distance : 335 ft
Batting: LHB Kyle Tucker 0-0: Swinging Strike
0-1: Foul Ball, location: 2F
0-2: Ball
1-2: Ball
2-2: Ball
3-2: Fly out, F9 (Line Drive, 9, EV 95.0 MPH)
Bottom of the 5th over - 2 runs, 2 hits, 0 errors, 0 left on base; Toronto 1 - Houston 2
TOP OF THE 6TH
Toronto Blue Jays batting - Pitching for Houston Astros : RHP Mason Fox
Batting: LHB Rowdy Tellez 0-0: Ball
1-0: SOLO HOME RUN (Flyball, 9D, EV 99.4 MPH), Distance : 394 ft
Batting: LHB Derek Fisher 0-0: Ball
1-0: Foul Ball, location: 2F
1-1: Ball
2-1: Called Strike
2-2: Strikes out swinging
Batting: SHB Adalberto Mondesi 0-0: Ball
1-0: Ball
2-0: Called Strike
2-1: Ball
3-1: DOUBLE (Line Drive, 7LM, EV 101.2 MPH)
Pitching: RHP Luis Garcia
Batting: RHB Bo Bichette 0-0: Ball
1-0: Ball
2-0: Ball
3-0: Called Strike
3-1: Ground out 6-3 (Groundball, 6, EV 78.1 MPH)
Adalberto Mondesi to third
Batting: RHB Josh Donaldson 0-0: Ball
1-0: Fly out, F7 (Line Drive, 7D, EV 91.2 MPH)
Top of the 6th over - 1 run, 2 hits, 0 errors, 1 left on base; Toronto 2 - Houston 2
BOTTOM OF THE 6TH
Houston Astros batting - Pitching for Toronto Blue Jays : RHP Alek Manoah
Pitching: LHP Robbie Ray
Batting: RHB Alex Bregman 0-0: Called Strike
0-1: Ball
1-1: Ball
2-1: Foul Ball, location: 2F
2-2: Reached on error, E4 (Groundball, P, EV 83.1 MPH)
Batting: LHB Yordan Alvarez 0-0: Ball
1-0: Ball
2-0: Foul Ball, location: 2F
2-1: Fly out, F7 (Flyball, 78M, EV 98.1 MPH)
Pitching: RHP Jordan Romano
Batting: RHB Jose Altuve 0-0: Called Strike
0-1: Called Strike
0-2: Ball
1-2: Ground out 5-3 (Groundball, 56, EV 88.8 MPH)
Pitching: RHP Jacob Nix
Batting: RHB Carlos Correa 0-0: Called Strike
0-1: Swinging Strike
0-2: Foul Ball, location: 2F
0-2: Foul Ball, location: 2F
0-2: Ball
1-2: Fly out, F4 (Line Drive, 4, EV 68.1 MPH)
Bottom of the 6th over - 0 runs, 0 hits, 1 error, 1 left on base; Toronto 2 - Houston 2
TOP OF THE 7TH
Toronto Blue Jays batting - Pitching for Houston Astros : RHP Luis Garcia
Batting: LHB Adam Haseley 0-0: Called Strike
0-1: Ball
1-1: Called Strike
1-2: Strikes out swinging
Batting: LHB CJ Abrams 0-0: Ball
1-0: Foul Ball, location: 2F
1-1: Fly out, F6 (Popup, 6, EV 61.9 MPH)
Batting: RHB Danny Jansen 0-0: Ball
1-0: Called Strike
1-1: Ball
2-1: Swinging Strike
2-2: Ball
3-2: Base on Balls
Batting: LHB Trent Grisham 0-0: Swinging Strike
0-1: Foul Ball, location: 2F
0-2: Foul Ball, location: 2F
0-2: Ground out 6-3 (Groundball, 56D, EV 106.9 MPH)
Top of the 7th over - 0 runs, 0 hits, 0 errors, 1 left on base; Toronto 2 - Houston 2
BOTTOM OF THE 7TH
Houston Astros batting - Pitching for Toronto Blue Jays : RHP Jacob Nix
Batting: RHB Whit Merrifield 0-0: Fly out, F7 (Flyball, 7, EV 87.5 MPH)
Batting: RHB Mike Zunino 0-0: Called Strike
0-1: SINGLE (Groundball, 4, EV 86.2 MPH) (infield hit)
Batting: LHB Danny Vecino 0-0: Swinging Strike
0-1: Ball
1-1: Called Strike
1-2: Ball
2-2: Strikes out swinging
Batting: SHB Jurickson Profar 0-0: Called Strike
0-1: SINGLE (Groundball, 34D, EV 106.2 MPH)
Mike Zunino to second
Runner from 2nd tries for 3rd, SAFE, throw by RF made at trailing runner, OUT! 9-6
Bottom of the 7th over - 0 runs, 2 hits, 0 errors, 1 left on base; Toronto 2 - Houston 2
TOP OF THE 8TH
Toronto Blue Jays batting - Pitching for Houston Astros : RHP Luis Garcia
Batting: LHB Rowdy Tellez 0-0: SOLO HOME RUN (Flyball, 89XD, EV 110.0 MPH), Distance : 412 ft
Batting: LHB Derek Fisher 0-0: Called Strike
0-1: Ball
1-1: Called Strike
1-2: Foul Ball, location: 2F
1-2: Ball
2-2: Strikes out swinging
Batting: SHB Adalberto Mondesi 0-0: Ball
1-0: Ball
2-0: Called Strike
2-1: Foul Ball, location: 2F
2-2: Ball
3-2: Foul Ball, location: 2F
3-2: Base on Balls
Pitching: RHP Mike Smeaton
Batting: RHB Bo Bichette 0-0: Called Strike
Adalberto Mondesi steals 2nd base
0-1: Swinging Strike
0-2: Ball
1-2: Ball
2-2: Ball
3-2: Strikes out looking
Batting: RHB Josh Donaldson 0-0: Ball
1-0: Foul Ball, location: 2F
1-1: Ball
2-1: Foul Ball, location: 2F
2-2: Ball
3-2: Ground out 6-3 (Groundball, 6S, EV 92.5 MPH)
Top of the 8th over - 1 run, 1 hit, 0 errors, 1 left on base; Toronto 3 - Houston 2
BOTTOM OF THE 8TH
Houston Astros batting - Pitching for Toronto Blue Jays : RHP Jacob Nix
Batting: LHB Kyle Tucker 0-0: Swinging Strike
0-1: Ball
1-1: Swinging Strike
1-2: Strikes out swinging
Batting: RHB Alex Bregman 0-0: Fly out, F8 (Flyball, 8LD, EV 94.4 MPH)
Pitching: RHP Ryan Tepera
Batting: LHB Yordan Alvarez 0-0: SINGLE (Flyball, 9S, EV 90.0 MPH)
Pitching: RHP Brad Keller
Batting: RHB Jose Altuve 0-0: Ball
1-0: Called Strike
1-1: Swinging Strike
1-2: Strikes out swinging, 2-3 out at first.
Bottom of the 8th over - 0 runs, 1 hit, 0 errors, 1 left on base; Toronto 3 - Houston 2
TOP OF THE 9TH
Toronto Blue Jays batting - Pitching for Houston Astros : RHP Mike Smeaton
Batting: LHB Adam Haseley 0-0: Foul Ball, location: 2F
0-1: Called Strike
0-2: Ball
1-2: Strikes out looking
Batting: LHB CJ Abrams 0-0: Called Strike
0-1: Ball
1-1: Ball
2-1: Called Strike
2-2: Strikes out swinging
Batting: RHB Danny Jansen 0-0: Swinging Strike
0-1: Ball
1-1: Foul Ball, location: 2F
1-2: SOLO HOME RUN (Flyball, 7LD, EV 94.4 MPH), Distance : 344 ft
Batting: LHB Trent Grisham 0-0: Ball
1-0: Called Strike
1-1: Foul Ball, location: 2F
1-2: Strikes out swinging
Top of the 9th over - 1 run, 1 hit, 0 errors, 0 left on base; Toronto 4 - Houston 2
BOTTOM OF THE 9TH
Houston Astros batting - Pitching for Toronto Blue Jays : RHP Brad Keller
Batting: RHB Carlos Correa 0-0: Called Strike
0-1: Ball
1-1: Foul Ball, location: 2F
1-2: Ball
2-2: Ball
3-2: Strikes out swinging
Batting: RHB Whit Merrifield 0-0: Ball
1-0: Called Strike
1-1: Ball
2-1: Fly out, F9 (Line Drive, 9, EV 83.8 MPH)
Pinch Hitting: LHB Jim Kiser 0-0: Ground out 6-3 (Groundball, 6MD, EV 99.4 MPH)
Bottom of the 9th over - 0 runs, 0 hits, 0 errors, 0 left on base; Toronto 4 - Houston 2
Monday, May 2nd , 2022 - OOTP Baseball 22.12 Build 89